 Dungeon Crawl Stone Soup version 0.28.0-1-gb440e238dd (webtiles) character file.

Game seed: 11150123049099137966

21954 Kaptain the Geomancer (level 12, -4/79 HPs)
             Began as a Gargoyle Earth Elementalist on Feb 24, 2022.
             Killed from afar by an ice statue (24 damage)
             ... with a bolt of cold
             ... in an ice cave.
             The game lasted 00:35:41 (15660 turns).

Kaptain the Geomancer (GrEE)                       Turns: 15660, Time: 00:35:42

Health: -4/79      AC: 18    Str: 13    XL:     12   Next: 95%
Magic:  34/43      EV: 11    Int: 20    God:
Gold:   1089       SH: 14    Dex: 14    Spells: 15/29 levels left

rFire   . . .      SeeInvis .   n - +2 flail (protect)
rCold   . . .      Faith    .   s - +0 kite shield
rNeg    + . .      Spirit   .   g - +0 troll leather armour
rPois   ∞          Reflect  +   T - +2 hat {Will+}
rElec   +          Harm     .   (no cloak)
rCorr   .          Rampage  .   x - +0 pair of gloves of Beogh's Delight {Regen+}
Will    +....                   R - +0 pair of boots
Stlth   ++........              i - amulet of reflection
HPRegen 1.83/turn               j - ring of magical power
MPRegen 0.28/turn               t - ring of Meakhlus {MP+9 Dex+4}

@: no status effects
A: sickness immunity, AC +8, negative energy resistance 1, electricity
resistance, torment resistance 1, petrification resistance
a: no special abilities


You were in an ice cave.
You visited 4 branches of the dungeon, and saw 15 of its levels.
You also visited: Ice Cave.

You collected 1089 gold pieces.

Inventory:

Hand Weapons
 d - a +0 trident
 f - a +1 hunting sling
 k - a +2 flail of holy wrath
 n - a +2 flail of protection (weapon)
Missiles
 c - 459 stones
 C - 5 curare-tipped darts
 D - 3 javelins
 G - 23 poisoned darts
 J - 32 sling bullets
 P - 11 boomerangs
 U - a throwing net
Armour
 g - a +0 troll leather armour (worn)
 h - a +2 robe of the Archmagi
 s - a +0 kite shield (worn)
 x - the +0 pair of gloves of Beogh's Delight (worn) {Regen+}
   (You found it on level 4 of the Dungeon)

   Regen:     It increases your rate of health regeneration.
 K - +0 acid dragon scales
 R - a +0 pair of boots (worn)
 T - a +2 hat of willpower (worn)
Magical Staves
 o - a staff of earth
Jewellery
 i - an amulet of reflection (around neck)
 j - a ring of magical power (left hand)
 m - a ring of positive energy
 t - the ring of Meakhlus (right hand) {MP+9 Dex+4}
   (You found it on level 4 of the Dungeon)

   [ring of magical power]

   Dex:       It affects your dexterity (+4).
   MP:        It affects your magic capacity (+9).
 M - an amulet of magic regeneration
 N - an amulet of the acrobat
Wands
 r - a wand of polymorph (2)
 w - a wand of digging (22)
 B - a wand of paralysis (4)
 H - a wand of charming (3)
 S - a wand of iceblast (3)
Scrolls
 e - 6 scrolls of teleportation
 l - 2 scrolls of fear
 v - a scroll of holy word
 y - 2 scrolls of enchant weapon
 A - a scroll of amnesia
 F - 2 scrolls of enchant armour
 Q - 3 scrolls of immolation
Potions
 a - a potion of heal wounds
 b - 4 potions of might
 p - 4 potions of magic
 q - 2 potions of lignification
 u - 3 potions of berserk rage
 z - 6 potions of curing
 E - 2 potions of flight
 I - a potion of invisibility
 L - a potion of ambrosia


   Skills:
 * Level 10.8 Fighting
 + Level 5.1 Armour
 - Level 3.6 Dodging
 - Level 4.0 Stealth
 * Level 4.5 Shields
 * Level 9.3 Spellcasting
 * Level 10.9 Conjurations
 - Level 0.7 Transmutations
 * Level 12.3 Earth Magic


You had 15 spell levels left.
You knew the following spells:

 Your Spells              Type           Power      Damage    Failure   Level
a - Sandblast             Erth           100%       2d20      1%          1
b - Stone Arrow           Conj/Erth      100%       3d13      1%          3
c - Iskenderun's Battles  Conj           52%        2d10      9%          5
d - Fireball              Conj/Fire      15%        3d8       63%         5

Your spell library contained the following spells:

 Spells                   Type           Power      Damage    Failure   Level
 Passwall                 Tmut/Erth      29%        N/A       2%          2
 Petrify                  Tmut/Erth      35%        N/A       19%         4
 Apportation              Tloc           18%        N/A       26%         1
 Wereblood                Tmut           12%        N/A       30%         2
 Ensorcelled Hibernation  Hex/Ice        18%        N/A       38%         2
 Ozocubu's Armour         Ice            9%         N/A       63%         3
 Portal Projectile        Hex/Tloc       18%        N/A       63%         3
 Swiftness                Air            9%         N/A       63%         3
 Orb of Destruction       Conj           26%        9d9       95%         7
 Blade Hands              Tmut           6%         N/A       99%         5
 Conjure Ball Lightning   Conj/Air       15%        3x3d6     99%         6
 Starburst                Conj/Fire      15%        6d6       99%         6
 Alistair's Intoxication  Tmut/Pois      6%         N/A       100%        5
 Excruciating Wounds      Necr           4%         N/A       100%        5
 Metabolic Englaciation   Hex/Ice        4%         N/A       100%        5
 Simulacrum               Ice/Necr       4%         N/A       100%        6
 Summon Hydra             Summ           4%         N/A       100%        7
 Ignition                 Fire           4%         3d4       100%        8
 Sublimation of Blood     Necr           Unusable   N/A       N/A         2

Dungeon Overview and Level Annotations

Branches:
Dungeon (11/15)            Temple (1/1) D:7            Lair (2/6) D:11
    Orc (1/2) D:10          IceCv (1/1)
  Swamp: Lair:2-4    Shoals: Lair:2-4     Snake: Lair:2-4    Spider: Lair:2-4

Altars:
Ashenzari
Cheibriados
Dithmenos
Elyvilon
Fedhas
Gozag
Hepliaklqana
Kikubaaqudgha
Makhleb
Nemelex Xobeh
Okawaru
Qazlal
Ru
Sif Muna
Trog
Uskayaw
Vehumet
Wu Jian
Xom
Yredelemnul
Zin
The Shining One
Beogh

Shops:
D:4 [

Portals:
Trove: D:10 (give 5 potions of resistance)

Annotations:
IceCv exclusion: ice statue


Innate Abilities, Weirdness & Mutations

You are immune to sickness and miasma.
Your stone body is resilient. (AC +8)
You are immune to poison.
You resist negative energy. (rN+)
You are resistant to electric shocks. (rElec)
You are resistant to unholy torment.
You are immune to petrification.


Message History

The stone arrow hits the ice beast!!
You kill the ice beast!
The ice beast disappears in a puff of smoke!
Unknown command.
You start resting.
HP restored.
You start resting.
Magic restored.
Casting: Stone Arrow (safe; 1% risk of failure)
Confirm with . or Enter, or press ? or * to list all spells.
You conjure a globe of magical energy.
Really walk into a travel-excluded area?
The ice statue gestures at you. The freezing blast engulfs you!
Your battlesphere is engulfed in freezing vapours.
Casting: Iskenderun's Battlesphere (dangerous; 9% risk of failure)
Confirm with . or Enter, or press ? or * to list all spells.
Aiming: Stone Arrow (safe; 1% risk of failure)
Press: ? - help, Shift-Dir - straight line, f - ice statue
Aim: an ice statue (freezing vapour, heavily damaged, 100% to hit)
The stone arrow hits the ice statue!
The ice statue is severely damaged.
You are engulfed in freezing vapours.
Your battlesphere is engulfed in freezing vapours. x2
The ice statue gestures at you. The bolt of cold hits you.
Your battlesphere is engulfed in freezing vapours.
Casting: Stone Arrow (safe; 1% risk of failure)
Confirm with . or Enter, or press ? or * to list all spells.
Aiming: Stone Arrow (safe; 1% risk of failure)
Press: ? - help, Shift-Dir - straight line, f/p - ice statue
Aim: an ice statue (freezing vapour, severely damaged, 100% to hit)
The stone arrow hits the ice statue!
The ice statue is almost destroyed.
You are engulfed in freezing vapours.
* * * LOW HITPOINT WARNING * * *
Your battlesphere is engulfed in freezing vapours. x2
The ice statue gestures at you. The bolt of cold hits you!!
You die...

........## ........?#
####
........########..##
.........##..##....##
....................#
..⌠.............∩∩..#
........○..##.......#
......○○*######....##
......○@## ##..##
.....○○○8# ####
........## .......##
.....## #####


You could see an ice statue and a friendly battlesphere.

Vanquished Creatures
  Gastronok (D:9)
  A vault guard (D:10)
  3 hydras
  Erolcha (D:9)
  A centaur warrior (D:11)
  A two-headed ogre (D:11)
  Pikel (D:6)
  An ugly thing (D:11)
  An orc knight (Orc:1)
  A black mamba (Lair:1)
  An ice statue (IceCv)
  A cane toad (Lair:2)
  An unseen horror (D:11)
  A gargoyle (D:11)
  4 komodo dragons
  2 rime drakes (Lair:2)
  5 trolls
  2 ice devils (IceCv)
  Grinder (D:4)
  2 hornets
  12 yaks
  4 wyverns
  Eustachio (D:6)
  A wraith (D:11)
  3 basilisks
  A warg (D:10)
  Edmund (D:4)
  Menkaure (D:6)
  3 acid dragons
  4 water moccasins
  A sky beast (D:5)
  7 orc warriors
  A swamp drake (D:11)
  3 ice beasts
  3 black bears
  4 ogres
  A phantom (D:6)
  14 centaurs
  2 kobold brigands
  Blork the orc (D:5)
  3 bullfrogs
  A gnoll sergeant (D:9)
  A two-headed ogre simulacrum (IceCv)
  2 cane toad simulacra (IceCv)
  A scorpion (D:5)
  A wyvern skeleton (D:7)
  7 wights (D:9)
  2 jellies
  4 killer bees (D:9)
  6 howler monkeys
  An electric eel (D:6)
  A bullfrog zombie (D:6)
  3 hounds
  A centaur skeleton (D:6)
  4 centaur zombies
  11 orc priests
  Jessica (D:2)
  A bullfrog skeleton (D:4)
  A human skeleton (D:4)
  2 iguanas
  9 orc wizards
  A howler monkey zombie (D:9)
  8 gnolls
  8 adders
  A shadow imp (D:7)
  3 white imps
  3 ufetubi
  5 worms
  2 dart slugs
  50 orcs
  6 endoplasms
  3 giant cockroaches
  2 hobgoblins (D:1)
  5 jackals
  14 kobolds
  A quokka (D:1)
  6 ball pythons
  3 bats
  2 frilled lizards (D:1)
  4 goblins
  A kobold zombie (D:4)
  3 rats
294 creatures vanquished.

Vanquished Creatures (others)
  A plant (Lair:2)
1 creature vanquished.

Grand Total: 295 creatures vanquished

Notes
Turn   | Place    | Note
-------+----------+-------------------------------------------
     0 | D:1      | Kaptain the Gargoyle Earth Elementalist began the quest for
                  | the Orb.
     0 | D:1      | Reached XP level 1. HP: 10/10 MP: 3/3
   119 | D:1      | Reached XP level 2. HP: 16/16 MP: 0/5
   493 | D:1      | Reached skill level 1 in Conjurations
  1079 | D:2      | Noticed Jessica
  1081 | D:2      | Found a faded altar of an unknown god.
  1085 | D:2      | Killed Jessica
  1086 | D:2      | Reached skill level 1 in Fighting
  1086 | D:2      | Reached skill level 4 in Earth Magic
  1086 | D:2      | Reached XP level 3. HP: 19/20 MP: 2/6
  1090 | D:2      | Learned a level 3 spell: Stone Arrow
  1247 | D:2      | Reached XP level 4. HP: 25/25 MP: 5/7
  1306 | D:2      | Reached skill level 1 in Armour
  1636 | D:3      | Reached XP level 5. HP: 21/30 MP: 6/8
  2127 | D:3      | Found a shimmering blue altar of Sif Muna.
  2540 | D:3      | Reached XP level 6. HP: 32/36 MP: 10/10
  3417 | D:4      | Identified the ring of Meakhlus {MP+9 Dex+4}
  3441 | D:4      | Reached skill level 5 in Earth Magic
  3837 | D:4      | Noticed Edmund
  3839 | D:4      | Killed Edmund
  3840 | D:4      | Reached XP level 7. HP: 41/41 MP: 12/12
  3892 | D:4      | Found a runed translucent door.
  3892 | D:4      | Noticed a human
  3919 | D:4      | Found a basalt altar of Yredelemnul.
  4019 | D:4      | Identified the +0 pair of gloves of Beogh's Delight
                  | {Regen+}
  4057 | D:4      | Found Util Pys's Antique Armour Boutique.
  4114 | D:4      | Noticed Grinder
  4118 | D:4      | Killed Grinder
  4297 | D:5      | Entered Level 5 of the Dungeon
  4300 | D:5      | Reached skill level 6 in Earth Magic
  4443 | D:5      | Reached XP level 8. HP: 48/48 MP: 14/14
  4680 | D:5      | Noticed Blork the orc
  4682 | D:5      | Killed Blork the orc
  4852 | D:5      | Reached skill level 5 in Conjurations
  4973 | D:5      | Reached skill level 5 in Fighting
  5081 | D:5      | Found an opulent altar of Gozag.
  5110 | D:5      | Found an iron altar of Okawaru.
  5200 | D:5      | Reached skill level 5 in Spellcasting
  5200 | D:5      | Reached skill level 7 in Earth Magic
  5514 | D:6      | Noticed Eustachio
  5685 | D:6      | Found a stormy altar of Qazlal.
  5687 | D:6      | Noticed Menkaure
  5705 | D:6      | Killed Menkaure
  5706 | D:6      | Reached XP level 9. HP: 55/55 MP: 16/16
  5849 | D:6      | Noticed Pikel
  5859 | D:6      | Killed Pikel
  5939 | D:6      | Identified the -4 helmet "Qene" {rPois rN+ Str-3}
  5951 | D:6      | Reached skill level 8 in Earth Magic
  6226 | D:6      | Killed Eustachio
  6598 | D:7      | Noticed a hornet
  6602 | D:7      | Killed a hornet
  6699 | D:7      | Found a staircase to the Ecumenical Temple.
  6709 | Temple   | Entered the Ecumenical Temple
  7122 | D:7      | Found a bloodstained altar of Trog.
  7307 | D:7      | Reached XP level 10. HP: 63/63 MP: 19/19
  7309 | D:7      | Reached skill level 9 in Earth Magic
  7433 | D:7      | Found a glowing silver altar of Zin.
  7434 | D:7      | Found a glowing golden altar of the Shining One.
  7435 | D:7      | Found a white marble altar of Elyvilon.
  7704 | D:8      | Learned a level 5 spell: Iskenderun's Battlesphere
  7710 | D:8      | Learned a level 5 spell: Fireball
  8125 | D:8      | Found a snail-covered altar of Cheibriados.
  8641 | D:9      | Found a radiant altar of Vehumet.
  9282 | D:8      | Reached skill level 10 in Earth Magic
  9823 | D:9      | Reached XP level 11. HP: 69/69 MP: 22/22
  9907 | D:9      | Noticed a five-headed hydra
  9914 | D:9      | Killed a five-headed hydra
  9970 | D:9      | Noticed Gastronok
  9978 | D:9      | Killed Gastronok
 10069 | D:9      | Noticed Erolcha
 10073 | D:9      | Killed Erolcha
 10434 | D:10     | Entered Level 10 of the Dungeon
 11177 | D:10     | Noticed a vault guard
 11179 | D:10     | Killed a vault guard
 11184 | D:10     | Found a portal to a secret trove of treasure.
 11580 | D:10     | Found a staircase to the Orcish Mines.
 11780 | D:10     | Reached skill level 11 in Earth Magic
 12137 | D:10     | Found a broken altar of Ashenzari.
 12424 | Orc:1    | Entered Level 1 of the Orcish Mines
 12638 | Orc:1    | Noticed an orc knight
 12648 | Orc:1    | Killed an orc knight
 12919 | Orc:1    | Noticed an orc warlord
 13052 | D:11     | Reached XP level 12. HP: 77/77 MP: 24/24
 13127 | D:11     | Reached skill level 1 in Shields
 13159 | D:11     | Reached skill level 10 in Conjurations
 13247 | D:11     | Noticed a seven-headed hydra
 13252 | D:11     | Killed a seven-headed hydra
 13253 | D:11     | Reached skill level 10 in Fighting
 13470 | D:11     | Noticed a centaur warrior
 13471 | D:11     | Killed a centaur warrior
 14037 | D:11     | Found a staircase to the Lair.
 14158 | D:11     | Noticed a two-headed ogre
 14162 | D:11     | Killed a two-headed ogre
 14272 | Lair:1   | Entered Level 1 of the Lair of Beasts
 14352 | Lair:1   | Reached skill level 12 in Earth Magic
 15222 | Lair:2   | Noticed a four-headed hydra
 15227 | Lair:2   | Found a frozen archway.
 15232 | Lair:2   | Reached skill level 5 in Armour
 15234 | Lair:2   | Killed a four-headed hydra
 15240 | IceCv    | Entered an ice cave
 15660 | IceCv    | Killed from afar by an ice statue

Illustrated notes

Levels and vault maps discovered:
D:1:      minmay_arrival_nine_rooms, layout_basic, minivault_23, minivault_4,
          minmay_close_crescents
D:2:      layout_rooms, ebering_ecumenical_altar_hall, uniq_jessica
D:3:      layout_loops_corners, kennysheep_orc_sif_temple
D:4:      layout_loops_cross, dk_yredelemnul_ordeal, serial_shops,
          nicolae_shop_behind_doors, uniq_edmund, uniq_grinder
D:5:      layout_loops_ring, okawaru_metal_pillars_1_2,
          nicolae_gozag_seed_capital, kennysheep_donut,
          chequers_decorated_corner, guppyfry_early_lair_pool,
          uniq_blork_the_orc
D:6:      layout_loops_ring, amcnicky_altar_gilded,
          kennysheep_opposing_triangles, uniq_pikel, uniq_menkaure,
          uniq_eustachio
D:7:      layout_loops_cross, good_gods_temple_1, trog_ov_bears_minmay,
          minmay_temple_entry_arrows
D:8:      layout_gridville, mainiacjoe_overflow_alcove_4
D:9:      layout_grid_maze, lemuel_crystal_altar, uniq_erolcha, uniq_gastronok
D:10:     layout_basic, marbit_many_paths, david_orc_5, enter_trove_5,
          chequers_serial_rivers_micro_b
D:11:     layout_gridville, erik_lair_dragon, hangedman_decor_points
Temple:   eino_wide_crystal_templ
Lair:1:   layout_loops_ring, lemuel_fruit_tree
Lair:2:   layout_gridlike, portal_ice_cave_rime
Orc:1:    layout_caves, nicolae_orc_lava_tube, uniq_jorgrun
IceCv:    ice_cave_tombish

Skill      XL: |  1  2  3  4  5  6  7  8  9 10 11 12 |
---------------+-------------------------------------+-----
Conjurations   | 1 2 3 4 5 7 8 9 10 | 10.9
Fighting       | 1 2 3 4 5 7 8 9 10 | 10.8
Earth Magic    | 4 5 6 7 8 10 11 12 | 12.3
Armour         | 1 2 4 5 |  5.1
Dodging        | 2 3 |  3.6
Spellcasting   | 3 4 5 6 7 8 9 |  9.3
Stealth        | 3 4 |  4.0
Shields        | 4 |  4.5
Transmutations | |  0.7

Action                   |  1- 3 |  4- 6 |  7- 9 | 10-12 || total
-------------------------+-------+-------+-------+-------++-------
Melee: Spear             |    23 |       |       |       ||    23
       Unarmed           |     1 |       |       |       ||     1
       Flail             |       |    59 |       |    32 ||    91
       Staff             |       |       |     1 |       ||     1
       Punch             |       |       |       |     1 ||     1
Throw: Dart              |       |       |       |     3 ||     3
 Cast: Sandblast         |    29 |    38 |     3 |    21 ||    91
       Stone Arrow       |       |     9 |    96 |   289 ||   394
       Iskenderun's Batt |       |       |       |    36 ||    36
  Use: Scroll            |     1 |     6 |       |    17 ||    24
 Stab: Sleeping          |       |     3 |       |       ||     3
Armor: Leather armour    |     8 |       |       |       ||     8
       Robe              |     2 |    24 |     9 |    49 ||    84
       Troll leather arm |       |       |       |    21 ||    21
Dodge: Dodged            |    29 |    30 |    16 |    83 ||   158
Block: Other             |       |    13 |       |    36 ||    49
       Reflection        |       |       |       |    19 ||    19
       Kite shield       |       |       |       |    12 ||    12
